 Dungeon Crawl Stone Soup version 0.24-a0-615-g751f86b5a9 (webtiles) character file.

Game seed: 6634708882015124636, levelgen mode: deterministic

73405 Engwar the Devastator (level 15, -1/113 HPs)
             Began as a White Draconian Fire Elementalist on Sept 11, 2019.
             Was a High Priest of Vehumet.
             Slain by an anaconda zombie (2 damage)
             ... on level 3 of the Abyss on Sept 13, 2019.
             The game lasted 02:46:26 (26996 turns).

Engwar the Devastator (DrFE)                       Turns: 26996, Time: 02:46:28

Health: -1/113     AC: 11    Str: 10    XL:     15   Next: 3%
Magic:  4/32       EV: 23    Int: 22    God:    Vehumet [*****.]
Gold:   1114       SH:  6    Dex: 21    Spells: 2/40 levels left

rFire    + . .     SeeInvis +   i - +8 dagger of Indomitability {pierce, *Corrode Int+2 Dex+2}
rCold    + + .     Gourm    .   M - +0 buckler
rNeg     . . .     Faith    .   (armour unavailable)
rPois    .         Spirit   .   c - +2 hat
rElec    .         Reflect  .   F - scarf {rC+ rF+}
rCorr    .         Harm     .   s - +2 pair of gloves
MR       +....                  I - +0 pair of boots
Stlth    +++.......             n - amulet of regeneration
HPRegen  0.68/turn              a - ring of see invisible
MPRegen  0.23/turn              D - +5 ring of evasion

@: agile, about to teleport, corroded, constricted
A: breathe frost, unfitting armour, cold resistance 1, cold-blooded, AC +9
a: Breathe Frost, Renounce Religion


You were on level 3 of the Abyss.
You worshipped Vehumet.
Vehumet was extremely pleased with you.
You were not hungry.

You visited 4 branches of the dungeon, and saw 21 of its levels.
You visited the Abyss 1 time.
You also visited: Bailey, Gauntlet and Ice Cave.

You collected 2300 gold pieces.
You spent 1186 gold pieces at shops.

Inventory:

Hand Weapons
 i - the +8 dagger of Indomitability (weapon) {pierce, *Corrode Int+2 Dex+2}
   (You took it off a big kobold on level 11 of the Dungeon)

   It inflicts extra damage upon your enemies.
   It affects your intelligence (+2).
   It affects your dexterity (+2).
   It may corrode you when you take damage.
Armour
 c - a +2 hat (worn)
 s - a +2 pair of gloves (worn)
 F - a scarf of resistance (worn)
 I - a +0 pair of boots (worn)
 M - a +0 buckler (worn)
Magical Staves
 G - an uncursed staff of air
Jewellery
 a - a ring of see invisible (left hand)
 n - an amulet of regeneration (around neck)
 C - an uncursed ring of flight
 D - a +5 ring of evasion (right hand)
 H - an uncursed ring of ice
 J - an uncursed ring of protection from cold
 K - an uncursed amulet of the acrobat
Wands
 f - a wand of acid (1)
 h - a wand of flame (20)
 l - a wand of clouds (4)
 p - a wand of disintegration (13)
 v - a wand of scattershot (10)
 y - a wand of random effects (18)
 A - a wand of iceblast (32)
 O - a wand of polymorph (11)
Scrolls
 d - 7 scrolls of fog
 g - 3 scrolls of magic mapping
 k - 8 scrolls of remove curse
 r - 3 scrolls of identify
 B - 7 scrolls of teleportation
 E - a scroll of enchant weapon
Potions
 e - a potion of berserk rage
 j - 5 potions of lignification
 m - 4 potions of flight
 o - 2 potions of brilliance
 q - a potion of mutation
 t - a potion of curing
 u - a potion of invisibility
 x - 2 potions of cancellation
 z - 2 potions of might
 N - a potion of magic
 P - a potion of haste
Miscellaneous
 L - a crystal ball of energy
Comestibles
 b - 11 rations


   Skills:
 - Level 5.3 Fighting
   Level 3.6 Maces & Flails
 - Level 5.1 Dodging
 - Level 1.7 Stealth
 - Level 4.1 Shields
 + Level 13.2 Spellcasting
 + Level 17.7 Conjurations
 - Level 4.9 Fire Magic
 - Level 5.6 Ice Magic
 - Level 4.3 Air Magic
 - Level 4.0 Poison Magic


You had 2 spell levels left.
You knew the following spells:

 Your Spells              Type           Power        Failure   Level  Hunger
a - Magic Dart            Conj           ####         0%          1    None
b - Stone Arrow           Conj/Erth      ######       1%          3    None
c - Sticky Flame          Conj/Fire      ######..     1%          4    None
d - Conjure Flame         Conj/Fire      ######..     1%          3    None
e - Throw Frost           Conj/Ice       ######       1%          2    None
f - Mephitic Cloud        Conj/Pois/Air  ######..     1%          3    None
g - Poisonous Vapours     Pois/Air       ####..       1%          2    None
h - Ignite Poison         Fire/Tmut/Pois ####....     1%          3    None
i - Iskenderun's Battles  Conj/Chrm      ######..     1%          5    ###....
j - Poison Arrow          Conj/Pois      ######....   2%          6    #####..
k - Bolt of Cold          Conj/Ice       ######....   1%          6    #####..

Your spell library contained the following spells:

 Spells                   Type           Power        Failure   Level  Hunger
 Bolt of Fire             Conj/Fire      ######....   1%          6    #####..
 Searing Ray              Conj           ######       0%          2    None
 Flame Tongue             Conj/Fire      #####        1%          1    None
 Sandblast                Erth           ##....       1%          1    None
 Sting                    Conj/Pois      ####         1%          1    None
 Throw Flame              Conj/Fire      ######       1%          2    None
 Beastly Appendage        Tmut           ##....       4%          1    None
 Corona                   Hex            ##.....      4%          1    None
 Infusion                 Chrm           ##..         4%          1    None
 Slow                     Hex            ##......     7%          2    None
 Sticks to Snakes         Tmut           ##......     7%          2    None
 Dazzling Spray           Conj/Hex       ######       1%          3    None
 Inner Flame              Hex/Fire       ####....     1%          3    None
 Force Lance              Conj/Tloc      ######..     1%          4    None
 Fulminant Prism          Conj/Hex       ######....   1%          4    None
 Iskenderun's Mystic Bla  Conj           #######.     1%          4    None
 Fireball                 Conj/Fire      ######....   1%          5    ###....
 Venom Bolt               Conj/Pois      ######....   1%          5    ###....
 Olgreb's Toxic Radiance  Pois           ####....     2%          4    None
 Freezing Cloud           Conj/Ice/Air   ######....   4%          6    #####..
 Iron Shot                Conj/Erth      ######....   4%          6    #####..
 Spider Form              Tmut/Pois      ###.......   6%          3    None
 Portal Projectile        Hex/Tloc       ##....       13%         3    None
 Spectral Weapon          Hex/Chrm       ##......     13%         3    None
 Ice Form                 Ice/Tmut       ####....     14%         4    None
 Summon Ice Beast         Ice/Summ       ####....     14%         4    None
 Ozocubu's Refrigeration  Ice            #####.....   17%         6    #####..
 Metabolic Englaciation   Hex/Ice        ####......   36%         5    ###....
 Cause Fear               Hex            ##........   41%         4    None
 Leda's Liquefaction      Hex/Erth       ##........   41%         4    None
 Petrify                  Tmut/Erth      ##......     41%         4    None
 Alistair's Intoxication  Tmut/Pois      ###.....     47%         5    ###....
 Blade Hands              Tmut           ##........   77%         5    ###....
 Simulacrum               Ice/Necr       ####......   91%         6    #####..


Dungeon Overview and Level Annotations

Branches:
Dungeon (14/15)            Temple (1/1) D:5            Lair (4/6) D:9
  Swamp (0/4) Lair:4       Spider (0/4) Lair:4          Orc (2/2) D:12
    Elf (0/3) Orc:2        Vaults (0/5) D:14         Bailey (visited)
  IceCv (visited)         Gauntlet (visited)

Altars:
Ashenzari
Cheibriados
Dithmenos
Fedhas
Gozag
Hepliaklqana
Kikubaaqudgha
Makhleb
Nemelex Xobeh
Okawaru
Qazlal
Ru
Sif Muna
Trog
Uskayaw
Vehumet
Wu Jian
Xom
Yredelemnul
Zin
The Shining One

Shops:
D:4 }   D:10 =   D:12 [([   Orc:2 *([%

Annotations:
D:9 2 exclusions
D:10 1 runed translucent door, pentaxis93's ghost, novice TrMo
D:14 Louise
Lair:3 exclusion: 3 oklob plants


Innate Abilities, Weirdness & Mutations

You can breathe waves of freezing cold.
You can buffet flying creatures when you breathe cold.
Your icy white scales are hard. (AC +9)
You cannot fit into any form of body armour.
Your flesh is cold resistant. (rC+)
You are cold-blooded and may be slowed by cold attacks.


Message History

You barely miss the tentacled monstrosity.
You tail-slap the tentacled monstrosity, but do no damage.
The anaconda zombie completely misses you.
* * * LOW HITPOINT WARNING * * *
The anaconda zombie constricts you. The anaconda zombie misses you.
* * * LOW HITPOINT WARNING * * *
The anaconda zombie constricts you.
You hit the tentacled monstrosity.
You tail-slap the tentacled monstrosity, but do no damage.
The tentacled monstrosity is lightly wounded.
The anaconda zombie bites you.
* * * LOW HITPOINT WARNING * * *
The anaconda zombie constricts you.
The tentacled monstrosity tentacle-slaps you!
* * * LOW HITPOINT WARNING * * *
The tentacled monstrosity tentacle-slaps you!
* * * LOW HITPOINT WARNING * * *
The tentacled monstrosity completely misses you.
You block the anaconda zombie's attack.
You die... ### #.?## #GXZ#

#ยงยง#@#
G ###
##. ..
... ..#.
...#.
##.#..


You could see a tentacled monstrosity, a great orb of eyes and an anaconda
zombie.

Vanquished Creatures
  Jorgrun (D:13)
  An orc warlord (Orc:1)
  A frost giant (IceCv)
  Josephine (Lair:4)
  Erolcha (Orc:1)
  Harold (Orc:1)
  8 hydras
  A centaur warrior (D:13)
  Erica (Orc:1)
  2 two-headed ogres
  2 dancing weapons (D:14)
  A queen ant (D:9)
  8 death yaks
  4 orc high priests (Orc:2)
  Nergalle (Lair:1)
  Sonja (D:12)
  5 skeletal warriors
  2 unseen horrors
  2 swamp dragons (Lair:3)
  Pikel (D:9)
  4 orc knights (Orc:2)
  7 ugly things (D:14)
  A cyclops (D:14)
  4 orc sorcerers (Orc:2)
  Maurice (D:9)
  2 black mambas (Lair:4)
  3 elephants (Lair:4)
  3 gargoyles
  An ice statue (IceCv)
  10 spiny frogs
  A komodo dragon (Lair:4)
  A kobold demonologist (D:11)
  A rime drake (Lair:3)
  5 trolls
  13 polar bears (IceCv)
  A hornet (D:11)
  4 slime creatures
  2 hippogriffs
  4 wraiths
  Grum (D:8)
  3 basilisks
  49 yaks
  A hungry ghost (D:12)
  A neqoxec (Abyss:3)
  2 wargs (Orc:1)
  A large abomination (Abyss:3)
  6 soldier ants
  8 water moccasins
  5 porcupines
  A floating eye (shapeshifter) (D:13)
  A black bear (shapeshifter) (D:13)
  31 orc warriors
  2 black bears (D:9)
  An ice beast (shapeshifter) (D:14)
  5 sky beasts
  9 ice beasts
  A phantom (D:7)
  16 wolves
  9 ogres
  23 centaurs
  6 crocodiles
  4 big kobolds
  18 bullfrogs
  A wyvern skeleton (D:10)
  A small abomination (Abyss:3)
  4 scorpions
  5 killer bees (D:13)
  2 electric eels
  3 wights (D:11)
  5 howler monkeys
  A bullfrog zombie (D:12)
  7 crimson imps
  6 jellies
  2 quasits (D:12)
  A gnoll shaman (D:9)
  3 hounds
  19 orc priests
  A bullfrog skeleton (D:4)
  3 centaur skeletons
  15 orc wizards
  5 iguanas
  Terence (D:2)
  19 worker ants
  A killer bee zombie (D:10)
  A hound zombie (D:6)
  11 gnolls
  14 adders
  A howler monkey skeleton (D:7)
  A shadow imp (D:9)
  An ooze (D:3)
  3 adder skeletons
  5 worms
  A leopard gecko (D:8)
  71 orcs
  2 ball pythons
  8 bats
  3 giant cockroaches
  16 goblins
  3 hobgoblins
  19 jackals
  23 kobolds
  6 quokkas
  6 frilled lizards
  A quokka skeleton (D:5)
  10 rats
628 creatures vanquished.

Vanquished Creatures (others)
  4 slaves (D:9)
  A worker ant (D:9)
  3 orcs
  2 kobolds (D:9)
  9 fungi
  3 plants
22 creatures vanquished.

Grand Total: 650 creatures vanquished

Notes
Turn   | Place    | Note
-------+----------+-------------------------------------------
     0 | D:1      | Engwar the Draconian Fire Elementalist began the quest for
                  | the Orb.
     0 | D:1      | Reached XP level 1. HP: 14/14 MP: 3/3
   230 | D:1      | Reached XP level 2. HP: 20/20 MP: 3/5
   234 | D:1      | Learned a level 2 spell: Throw Flame
   349 | D:1      | Reached skill level 2 in Conjurations
   413 | D:1      | You fall into a shaft and drop 1 floor!
   427 | D:2      | Noticed Terence
   453 | D:2      | Killed Terence
   453 | D:2      | Reached XP level 3. HP: 20/26 MP: 0/6
   771 | D:2      | Reached skill level 3 in Conjurations
   910 | D:2      | Found a snail-covered altar of Cheibriados.
  1030 | D:2      | Reached XP level 4. HP: 33/33 MP: 7/7
  2313 | D:3      | Reached XP level 5. HP: 38/38 MP: 5/8
  2322 | D:3      | Learned a level 4 spell: Sticky Flame
  2487 | D:3      | Reached skill level 4 in Conjurations
  2753 | D:3      | Found an ornate altar of the Wu Jian Council.
  2910 | D:4      | Found Umoufeusch's Gadget Boutique.
  2998 | D:4      | Noticed an ogre
  3041 | D:4      | Killed an ogre
  3041 | D:4      | Reached skill level 5 in Fire Magic
  3041 | D:4      | Reached XP level 6. HP: 18/45 MP: 0/9
  3459 | D:4      | Reached skill level 5 in Conjurations
  3756 | D:5      | Entered Level 5 of the Dungeon
  3848 | D:5      | Your scales start taking on an icy white colour.
  3848 | D:5      | Reached XP level 7. HP: 29/50 MP: 2/10
  3848 | D:5      | Gained mutation: Your flesh is cold resistant. (rC+) [White
                  | Draconian growth]
  3853 | D:5      | Learned a level 3 spell: Conjure Flame
  3989 | D:5      | Found a staircase to the Ecumenical Temple.
  3995 | Temple   | Entered the Ecumenical Temple
  4074 | Temple   | Became a worshipper of Vehumet
  4427 | D:5      | Reached skill level 6 in Conjurations
  4910 | D:5      | Reached XP level 8. HP: 27/57 MP: 4/13
  5171 | D:6      | Reached * piety under Vehumet
  5171 | D:6      | Offered knowledge of Sandblast by Vehumet.
  5171 | D:6      | Reached skill level 7 in Conjurations
  5717 | D:6      | Reached skill level 5 in Spellcasting
  5873 | D:7      | Reached skill level 8 in Conjurations
  5952 | D:7      | Noticed a two-headed ogre
  5972 | D:7      | Killed a two-headed ogre
  5972 | D:7      | Reached XP level 9. HP: 21/71 MP: 6/17
  6099 | D:7      | Reached skill level 9 in Conjurations
  6250 | D:7      | Found an opulent altar of Gozag.
  6250 | D:7      | Found a shadowy altar of Dithmenos.
  6251 | D:7      | Found a sacrificial altar of Ru.
  6252 | D:7      | Found a shimmering blue altar of Sif Muna.
  6565 | D:8      | Reached skill level 5 in Fighting
  6646 | D:8      | Reached ** piety under Vehumet
  6735 | D:8      | Offered knowledge of Magic Dart by Vehumet.
  6741 | D:8      | Learned a level 1 spell: Magic Dart
  6903 | D:8      | Noticed Grum
  6929 | D:8      | Reached skill level 10 in Conjurations
  6939 | D:8      | Killed Grum
  7021 | D:8      | Learned a level 3 spell: Mephitic Cloud
  7024 | D:8      | Learned a level 2 spell: Poisonous Vapours
  7262 | D:9      | Reached skill level 1 in Air Magic
  7304 | D:9      | Reached XP level 10. HP: 75/81 MP: 12/18
  7355 | D:9      | Noticed Pikel
  7378 | D:9      | Killed Pikel
  7452 | D:9      | Found a staircase to the Lair.
  7495 | D:9      | Noticed Maurice
  7549 | D:9      | Killed Maurice
  7567 | D:9      | Found a basalt altar of Yredelemnul.
  7650 | D:9      | Noticed a queen ant
  7655 | D:9      | Reached skill level 11 in Conjurations
  8178 | D:9      | Offered knowledge of Stone Arrow by Vehumet.
  8178 | D:9      | Reached skill level 1 in Poison Magic
  8227 | D:9      | Learned a level 3 spell: Stone Arrow
  8280 | D:9      | Killed a queen ant
  8418 | D:9      | Reached *** piety under Vehumet
  8671 | D:10     | Entered Level 10 of the Dungeon
  8867 | D:10     | Offered knowledge of Ignite Poison by Vehumet.
  8892 | D:10     | Learned a level 3 spell: Ignite Poison
  8918 | D:10     | Found Ofeng's Jewellery Emporium.
  9098 | D:10     | HP: 2/81 [orc warrior/+1 long sword of slicing (3)]
  9507 | D:10     | Found a runed translucent door.
  9508 | D:10     | Noticed pentaxis93's ghost (novice TrMo)
  9562 | D:10     | Reached **** piety under Vehumet
  9562 | D:10     | Reached XP level 11. HP: 88/88 MP: 12/19
 10142 | D:11     | Reached skill level 12 in Conjurations
 10173 | D:11     | Noticed an unseen horror
 10179 | D:11     | Killed an unseen horror
 10273 | D:11     | Found a gate leading to a gauntlet.
 10337 | D:10     | Reached skill level 5 in Dodging
 10417 | D:11     | Reached skill level 1 in Maces & Flails
 10539 | Gauntlet | Entered a Gauntlet
 10539 | Gauntlet | Found a transporter.
 10539 | Gauntlet | Found a transporter.
 10539 | Gauntlet | Noticed a catoblepas
 10549 | Gauntlet | Found a transporter.
 10553 | Gauntlet | Found a transporter.
 10566 | Gauntlet | Noticed a wizard
 10567 | Gauntlet | Found a transporter.
 10571 | Gauntlet | Found a transporter.
 10585 | Gauntlet | Noticed a swamp dragon
 10586 | Gauntlet | Noticed a deep troll
 10586 | Gauntlet | a swamp dragon changed into a deep troll
 10587 | Gauntlet | Noticed a wolf spider
 10587 | Gauntlet | a deep troll changed into a wolf spider
 10589 | Gauntlet | Noticed an anaconda
 10589 | Gauntlet | a wolf spider changed into an anaconda
 10590 | Gauntlet | Found a transporter.
 10592 | Gauntlet | an anaconda changed into an eye of devastation
 10597 | Gauntlet | Noticed a shining eye
 10597 | Gauntlet | a merfolk changed into a shining eye
 10601 | Gauntlet | a shining eye changed into an eye of devastation
 10602 | Gauntlet | Found a transporter.
 10602 | Gauntlet | Noticed an anaconda
 10602 | Gauntlet | an eye of devastation changed into an anaconda
 10603 | Gauntlet | an anaconda changed into a water nymph
 10607 | Gauntlet | Noticed a necromancer
 10611 | Gauntlet | Noticed a death yak
 10611 | Gauntlet | Noticed a death yak
 10614 | Gauntlet | Noticed a death yak
 10621 | Gauntlet | Found a transporter.
 10625 | Gauntlet | Found a transporter.
 10639 | Gauntlet | Found a transporter.
 10643 | Gauntlet | Found a transporter.
 10729 | Gauntlet | Noticed a lindwurm
 10730 | Gauntlet | Noticed a fire giant
 10730 | Gauntlet | Noticed a stone giant
 10730 | Gauntlet | a fire giant changed into a stone giant
 10742 | Gauntlet | Noticed an azure jelly
 10742 | Gauntlet | Noticed an emperor scorpion
 10742 | Gauntlet | an azure jelly changed into an emperor scorpion
 10743 | Gauntlet | Noticed a deep troll
 11006 | D:11     | Offered knowledge of Iskenderun's Battlesphere by Vehumet.
 11509 | D:11     | Identified the +8 dagger of Indomitability {pierce,
                  | *Corrode Int+2 Dex+2}
 11810 | D:10     | Reached skill level 13 in Conjurations
 11925 | Lair:1   | Entered Level 1 of the Lair of Beasts
 11935 | Lair:1   | You fall into a shaft and drop 1 floor!
 11936 | Lair:2   | Noticed an eight-headed hydra
 11941 | Lair:2   | Killed an eight-headed hydra
 12139 | Lair:1   | Noticed a seven-headed hydra
 12155 | Lair:1   | Killed a seven-headed hydra
 12349 | Lair:1   | Noticed a six-headed hydra
 12373 | Lair:1   | Killed a six-headed hydra
 12521 | Lair:1   | Reached ***** piety under Vehumet
 12604 | Lair:1   | Reached XP level 12. HP: 70/94 MP: 20/22
 12611 | Lair:1   | Learned a level 5 spell: Iskenderun's Battlesphere
 12632 | Lair:1   | Offered knowledge of Poison Arrow by Vehumet.
 12754 | Lair:1   | Noticed a six-headed hydra
 12775 | Lair:1   | Killed a six-headed hydra
 13279 | D:10     | Bought a +5 ring of evasion for 770 gold pieces
 13515 | Lair:2   | Noticed Nergalle
 13519 | Lair:2   | Noticed a death yak
 13519 | Lair:2   | Noticed a death yak
 13520 | Lair:2   | Noticed a death yak
 13532 | Lair:1   | Killed Nergalle
 13705 | Lair:2   | Noticed a death yak
 13705 | Lair:2   | Noticed a death yak
 13743 | Lair:2   | Killed a death yak
 13743 | Lair:2   | Reached skill level 14 in Conjurations
 13906 | Lair:2   | Noticed a death yak
 14015 | Lair:1   | Killed a death yak
 14092 | Lair:2   | Killed a death yak
 14324 | Lair:1   | Killed a death yak
 14394 | Lair:1   | Killed a death yak
 14429 | Lair:2   | Killed a death yak
 14890 | Lair:3   | Found a frozen archway.
 14930 | Lair:3   | Found a transporter.
 14934 | Lair:3   | Noticed a six-headed hydra
 14936 | IceCv    | Entered an ice cave
 15365 | IceCv    | Reached skill level 15 in Conjurations
 15455 | IceCv    | Noticed a death yak
 15464 | IceCv    | Killed a death yak
 15464 | IceCv    | Reached skill level 10 in Spellcasting
 15487 | IceCv    | Learned a level 6 spell: Poison Arrow
 15597 | IceCv    | Reached XP level 13. HP: 99/100 MP: 15/27
 16247 | IceCv    | Noticed a frost giant
 16662 | IceCv    | Killed a frost giant
 16693 | IceCv    | Identified the Incunabulum of Poison and the Mountains
 17096 | Lair:3   | Found a transporter.
 17130 | Lair:3   | HP: 1/100 [porcupine's spines (12)]
 17893 | Lair:3   | Offered knowledge of Bolt of Magma by Vehumet.
 18492 | Lair:4   | Identified a scroll of acquirement
 18492 | Lair:4   | Identified the Catalogue of Boosting Snow (You acquired it
                  | on level 4 of the Lair of Beasts)
 18497 | Lair:4   | Learned a level 2 spell: Throw Frost
 18510 | Lair:4   | Reached skill level 16 in Conjurations
 18620 | Lair:4   | Reached skill level 1 in Ice Magic
 19386 | Lair:4   | Noticed Josephine
 19500 | Lair:4   | Killed Josephine
 19631 | Lair:4   | Found a staircase to the Swamp.
 19813 | Lair:4   | Found a hole to the Spider Nest.
 20646 | D:10     | Bought an uncursed ring of see invisible for 210 gold
                  | pieces
 21132 | D:12     | Noticed Sonja
 21135 | D:12     | Killed Sonja
 21135 | D:12     | Reached XP level 14. HP: 96/107 MP: 24/29
 21161 | D:12     | Found Jahykune's Armour Emporium.
 21451 | D:12     | Found Butuloast's Armour Emporium.
 21453 | D:12     | Found a staircase to the Orcish Mines.
 21492 | D:12     | Found Ziulur's Weapon Emporium.
 21524 | D:12     | Bought a +0 pair of boots for 63 gold pieces
 22095 | D:13     | Noticed Jorgrun
 22618 | D:13     | Killed Jorgrun
 22618 | D:13     | Offered knowledge of Yara's Violent Unravelling by Vehumet.
 22618 | D:13     | Reached skill level 17 in Conjurations
 22776 | D:13     | Paralysed by a floating eye for 4 turns
 23104 | Orc:1    | Entered Level 1 of the Orcish Mines
 23225 | Orc:1    | Noticed Erica
 23231 | Orc:1    | Killed Erica
 23269 | Orc:1    | Found a flagged portal.
 23276 | Bailey   | Entered a bailey
 24186 | Orc:1    | Noticed an orc warlord
 24262 | Orc:1    | Killed an orc warlord
 24481 | Orc:2    | Entered Level 2 of the Orcish Mines
 25033 | Orc:2    | Offered knowledge of Bolt of Fire by Vehumet.
 25061 | Orc:2    | Learned a level 6 spell: Bolt of Cold
 25174 | Orc:2    | Found a staircase to the Elven Halls.
 25423 | Orc:2    | Reached skill level 5 in Ice Magic
 25463 | Orc:2    | Upgraded the game from 0.24-a0-613-g1ff6aac338 to
                  | 0.24-a0-615-g751f86b5a9
 25708 | Orc:2    | Found Febod's Antique Armour Emporium.
 25708 | Orc:2    | Found Obeleby's Food Shop.
 25711 | Orc:2    | Found Ysisk's Assorted Antiques.
 25711 | Orc:2    | Found Sufuistie's Antique Weapon Shop.
 25717 | Orc:2    | Bought a buckler for 117 gold pieces
 25721 | Orc:2    | Bought a fizzy golden potion for 26 gold pieces
 25792 | Orc:1    | Noticed Erolcha
 25792 | Orc:1    | Noticed Harold
 25800 | Orc:1    | Killed Harold
 25800 | Orc:1    | Reached skill level 1 in Shields
 25804 | Orc:1    | Killed Erolcha
 26555 | D:14     | Reached XP level 15. HP: 99/113 MP: 4/32
 26702 | D:14     | Found a gate to the Vaults.
 26735 | D:14     | Noticed Louise
 26738 | D:14     | Cast into level 3 of the Abyss (Louise)
 26844 | Lair:6   | Entered Level 6 of the Lair of Beasts
 26995 | Abyss:3  | Noticed a tentacled monstrosity
 26996 | Abyss:3  | HP: 1/113 [tentacled monstrosity (7)]
 26996 | Abyss:3  | Slain by an anaconda zombie

Levels and vault maps discovered:
D:1:      wander_arrival_fairy_ring, layout_loops_corners,
          corexii_item_surrounded_by_moat
D:2:      layout_basic, cheibriados_altar_1, serial_co_window_serial,
          co_window_cross_1, co_window_of_opportunity_a, co_window_corner_a,
          co_window_cross_1, co_window_paths_a, co_window_paths_a,
          co_window_paths_b, co_window_paths_a, co_window_corner_a,
          co_window_corner_ca, co_window_unsneaky_path_d, co_window_cross_4,
          co_window_unsneaky_path_b, glass_columns_c, minmay_misc_feat_encased,
          uniq_terence
D:3:      layout_basic, overflow_temple_1_default
D:4:      layout_layer_cave, serial_shops, nicolae_shop_statue_plus,
          minmay_misc_feat_square, minmay_joined_circles
D:5:      minmay_chambers_of_fours, layout_loops_ring, temple_statues,
          first_ration, st_stairs_10
D:6:      layout_basic
D:7:      layout_basic, minitemple
D:8:      layout_rooms, hangedman_pestilent_swarm, uniq_grum
D:9:      layout_rooms, kennysheep_ying_yang, grunt_lair_entry_orc_guard_hut,
          minmay_another_anthill, uniq_maurice, uniq_pikel
D:10:     layout_layer_cave, serial_shops, nicolae_shop_stone,
          gammafunk_ghost_grave
D:11:     layout_cave_pools, gauntlet_entry_generic
D:12:     layout_roguey, orc_david_3, serial_shops, shop, uniq_sonja
D:13:     layout_irregular_city, uniq_jorgrun
D:14:     layout_roguey, erik_vaults_1, nicolae_benzene_ring, uniq_louise
Temple:   zaba_magenta_temple
Lair:1:   layout_gridlike, lemuel_fruit_fields
Lair:2:   layout_roguey, uniq_nergalle
Lair:3:   gammafunk_cloud_chamber, layout_misc_corridors,
          portal_ice_cave_entry_ice_beasts, infiniplex_staircase_pool,
          minmay_lair_oklob_chamber
Lair:4:   layout_concentric_octagons, swamp_mist_pool, dummy_spider_entry,
          grunt_megastairs_5, serial_bayou_shore_a, uniq_josephine
Orc:1:    layout_caves, enter_bailey_3, uniq_harold, uniq_erolcha, uniq_erica
Orc:2:    grunt_orc_tribal_feast, layout_diamond_mine
Abyss:3:  hangedman_abyss_rune_macabre_mess, evilmike_abyss_exit_plants,
          gammafunk_corrupted_shrine

Skill      XL: |  1  2  3  4  5  6  7  8  9 10 11 12 13 14 |
---------------+-------------------------------------------+-----
Conjurations   | 2 3 4 5 6 8 10 11 13 15 16 17 | 17.7
Fire Magic     | 4 5 4 |  4.9
Spellcasting   | 3 5 7 10 11 13 | 13.2
Fighting       | 3 5 |  5.3
Dodging        | 3 4 5 |  5.1
Air Magic      | 1 4 |  4.3
Poison Magic   | 4 |  4.0
Maces & Flails | 3 |  3.6
Ice Magic      | 4 5 |  5.6
Shields        | 4 |  4.1
Stealth        | |  1.7

Action                   |  1- 3 |  4- 6 |  7- 9 | 10-12 | 13-15 || total
-------------------------+-------+-------+-------+-------+-------++-------
Melee: Whip              |    22 |   159 |   156 |   250 |       ||   587
       Unarmed           |     2 |       |       |       |       ||     2
       Tailslap          |     2 |    12 |    17 |    70 |    72 ||   173
       Dagger            |       |       |       |   202 |   590 ||   792
 Cast: Flame Tongue      |    43 |    62 |    84 |   101 |    12 ||   302
       Sticky Flame      |       |     6 |    42 |   134 |   169 ||   351
       Magic Dart        |       |       |     9 |    69 |    79 ||   157
       Poisonous Vapours |       |       |     2 |    16 |    46 ||    64
       Stone Arrow       |       |       |       |    41 |    28 ||    69
       Mephitic Cloud    |       |       |       |     7 |     8 ||    15
       Conjure Flame     |       |       |       |     7 |    11 ||    18
       Iskenderun's Batt |       |       |       |     9 |    20 ||    29
       Ignite Poison     |       |       |       |     1 |     6 ||     7
       Poison Arrow      |       |       |       |       |    80 ||    80
       Throw Frost       |       |       |       |       |     6 ||     6
       Bolt of Cold      |       |       |       |       |     7 ||     7
 Abil: Breathe Frost     |       |       |     5 |     1 |       ||     6
  Use: Scroll            |       |    10 |    12 |    10 |    16 ||    48
       Potion            |       |     1 |       |     4 |     4 ||     9
 Stab: Sleeping          |     2 |     5 |       |     1 |     2 ||    10
       Confused          |       |       |       |     1 |     1 ||     2
       Distracted        |       |       |       |       |     2 ||     2
  Eat: Chunk             |     1 |    12 |    16 |    11 |    28 ||    68
       Ration            |       |       |     1 |    10 |    12 ||    23
Armor: Skin              |    15 |    81 |   100 |   236 |   185 ||   617
Dodge: Dodged            |    17 |   169 |   147 |   529 |   864 ||  1726
Block: Buckler           |       |       |       |       |    18 ||    18

Table legend:
 A = Non-vault XP
 B = Vault XP
 C = Vault XP percentage of total XP
 D = Non-vault monster count
 E = Vault monster count
 F = Vault count percentage of total count
                 A         B        C        D         E       F
            +---------+---------+-------+---------+---------+-------
      Total |   59776 |   45089 |  43.0 |     425 |     204 |  32.4
            +---------+---------+-------+---------+---------+-------
        D:1 |      34 |       0 |   0.0 |      22 |       0 |   0.0
        D:2 |      58 |      32 |  35.6 |      22 |       1 |   4.3
        D:3 |     115 |       0 |   0.0 |      25 |       0 |   0.0
        D:4 |     247 |     198 |  44.5 |       7 |       6 |  46.2
        D:5 |     520 |     241 |  31.7 |      19 |       5 |  20.8
        D:6 |     621 |       0 |   0.0 |      10 |       0 |   0.0
        D:7 |    1736 |       0 |   0.0 |      28 |       0 |   0.0
        D:8 |     471 |     890 |  65.4 |       8 |       8 |  50.0
        D:9 |    1500 |    3446 |  69.7 |      25 |      22 |  46.8
       D:10 |    3778 |     183 |   4.6 |      49 |       1 |   2.0
       D:11 |    4649 |       0 |   0.0 |      29 |       0 |   0.0
       D:12 |    4766 |     947 |  16.6 |      23 |       6 |  20.7
       D:13 |    3757 |    3150 |  45.6 |      19 |       1 |   5.0
       D:14 |    6921 |    1808 |  20.7 |      21 |       2 |   8.7
     Lair:1 |    7874 |     812 |   9.3 |      19 |       1 |   5.0
     Lair:2 |    4935 |       0 |   0.0 |      12 |       0 |   0.0
     Lair:3 |    2602 |    3001 |  53.6 |       8 |      12 |  60.0
     Lair:4 |    8825 |    3158 |  26.4 |      27 |       7 |  20.6
      Orc:1 |    4325 |    3048 |  41.3 |      40 |      11 |  21.6
      Orc:2 |    1893 |    7364 |  79.6 |      11 |      25 |  69.4
    Abyss:3 |     149 |     252 |  62.8 |       1 |       2 |  66.7
     Bailey |       0 |    2266 | 100.0 |       0 |      39 | 100.0
      IceCv |       0 |   14293 | 100.0 |       0 |      55 | 100.0
            +---------+---------+-------+---------+---------+-------
